 Dungeon Sprint DCSS version 0.19.1 (webtiles) character file.

592 dvd the Blocker (level 7, 0/72 HPs)
             Began as a Minotaur Fighter on Dec 23, 2016.
             Was an Initiate of Okawaru.
             Slain by Sonja
             ... wielding a +0 short sword of distortion
              (20 damage)
             ... in the Dungeon (Sprint I: "Red Sonja").
             The game lasted 00:01:52 (418 turns).

dvd the Blocker (Minotaur Fighter)                   Turns: 418, Time: 00:01:52

Health: 0/72       AC: 10    Str: 20    XL:     7   Next: 16%
Magic:  6/6        EV: 10    Int:  5    God:    Okawaru [......]
Gold:   405        SH: 12    Dex: 12    Spells: 0 memorised, 6 levels left

rFire  . . .     SeeInvis .     a - +0 war axe
rCold  . . .     Gourm    .     b - +0 scale mail
rNeg   . . .     Faith    .     c - +0 shield
rPois  .         Spirit   .     (helmet restricted)
rElec  .         Reflect  .     (no cloak)
rCorr  .         Harm     .     (no gloves)
MR     .....     NoTele   +     j - +0 pair of boots
Stlth  ..........               (no amulet)
                                (no ring)
                                (no ring)

@: slowed, very slow
A: retaliatory headbutt, horns 2
a: Renounce Religion


You were in the Dungeon.
You worshipped Okawaru.
Okawaru was noncommittal.
You were not hungry.

You visited 1 branch You collected 405 gold pieces.

Inventory:

Hand Weapons
 a - a +0 war axe (weapon)
Armour
 b - a +0 scale mail (worn)
 c - a +0 shield (worn)
 j - a +0 pair of boots (worn)
Scrolls
 k - a scroll of blinking
Potions
 d - a potion of might
 g - a potion of heal wounds
 h - a potion of haste
 i - 2 potions of magic
 m - a potion of agility {unknown}
Comestibles
 f - 2 bread rations


   Skills:
 + Level 10.3 Fighting
 + Level 7.8 Axes
 + Level 9.9 Armour
 + Level 2.9 Dodging
 + Level 10.6 Shields


You had 6 spell levels left.
You didn't know any spells.

Dungeon Overview and Level Annotations

Branches:
Dungeon (1/1)

Altars:
Cheibriados
Dithmenos
Elyvilon
Fedhas
Gozag
Hepliaklqana
Kikubaaqudgha
Makhleb
Nemelex Xobeh
Okawaru
Qazlal
Ru
Sif Muna
Trog
Uskayaw
Vehumet
Xom
Yredelemnul
Zin
The Shining One
Jiyva
Lugonu

Shops:
D (

Annotations:
D Sonja


Innate Abilities, Weirdness & Mutations

You reflexively headbutt those who attack you in melee.
You have a pair of horns on your head.


Message History

Sonja wields an uncursed short sword of distortion.
Its appearance distorts for a moment.
Sonja hits you with an uncursed short sword of distortion.
Sonja hits you but does no damage. You block Sonja's attack. x2
Sonja hits you but does no damage. Sonja closely misses you.
You miss Sonja.
* * * LOW HITPOINT WARNING * * *
You feel very sick. Sonja closely misses you.
Sonja hits you but does no damage. You block Sonja's attack.
Sonja hits you with an uncursed short sword of distortion.
* * * LOW HITPOINT WARNING * * *
Space bends around you.
* * * LOW HITPOINT WARNING * * *
Sonja hits you but does no damage. Sonja barely misses you.
You feel better. Sonja hits you but does no damage. Space bends around you.
* * * LOW HITPOINT WARNING * * *
Sonja barely misses you. Sonja hits you but does no damage.
Space warps horribly around you!
You die...

#<.#..)..#.)'..#__#..+
#..').#..'..#..'^.'..#
#..#####'#####'#__####
#..####..#...#.####
#..#__####..##.#
#..#_____##'#..+
#⌠⌠#_.∩...'.(._#
####_..__##K(#'#
#_____###@#.#
#########(###


+$($+ #$.$# ##.## #+# You could see Sonja.

Vanquished Creatures
  A slime creature (D)
  Sigmund (D)
  A yak (D)
  An ogre (D)
  A jelly (D)
  Ijyb (D)
6 creatures vanquished.

Notes
Turn   | Place    | Note
-------+----------+-------------------------------------------
     0 | D        | dvd the Minotaur Fighter began the quest for the Orb.
     0 | D        | Reached XP level 1. HP: 19/19 MP: 0/0
     1 | D        | Noticed Ijyb
    18 | D        | Killed Ijyb
    18 | D        | Reached skill level 5 in Fighting
    18 | D        | Reached skill level 5 in Shields
    18 | D        | Reached XP level 2. HP: 29/29 MP: 1/1
    23 | D        | Noticed an ogre
    26 | D        | Killed an ogre
    26 | D        | Reached XP level 3. HP: 35/38 MP: 2/2
    26 | D        | Reached XP level 4. HP: 41/45 MP: 3/3
   135 | D        | Noticed Sigmund
   142 | D        | Killed Sigmund
   142 | D        | Reached skill level 5 in Axes
   142 | D        | Reached skill level 1 in Dodging
   142 | D        | Reached XP level 5. HP: 46/56 MP: 4/4
   206 | D        | Found a deep blue altar of Sif Muna.
   208 | D        | Found a radiant altar of Vehumet.
   210 | D        | Reached XP level 6. HP: 62/62 MP: 5/5
   247 | D        | Found Feesh's Antique Weapon Emporium.
   247 | D        | Found an ancient bone altar of Kikubaaqudgha.
   247 | D        | Found a hazy altar of Hepliaklqana.
   247 | D        | Found a stormy altar of Qazlal.
   247 | D        | Found a hide-covered altar of Uskayaw.
   247 | D        | Found a blossoming altar of Fedhas.
   247 | D        | Found a bloodstained altar of Trog.
   247 | D        | Found an iron altar of Okawaru.
   247 | D        | Found a basalt altar of Yredelemnul.
   247 | D        | Found a glowing golden altar of the Shining One.
   247 | D        | Found a snail-covered altar of Cheibriados.
   247 | D        | Found a sacrificial altar of Ru.
   247 | D        | Found a glowing silver altar of Zin.
   247 | D        | Found a shadowy altar of Dithmenos.
   247 | D        | Found a white marble altar of Elyvilon.
   247 | D        | Noticed a yak
   252 | D        | Killed a yak
   252 | D        | Reached skill level 10 in Shields
   253 | D        | Found an opulent altar of Gozag.
   254 | D        | Found a sparkling altar of Nemelex Xobeh.
   362 | D        | Became a worshipper of Warmaster Okawaru
   375 | D        | Found a burning altar of Makhleb.
   375 | D        | Found a viscous altar of Jiyva.
   375 | D        | Found a shimmering altar of Xom.
   375 | D        | Found a corrupted altar of Lugonu.
   375 | D        | Noticed a slime creature
   384 | D        | Killed a slime creature
   384 | D        | Reached skill level 10 in Fighting
   384 | D        | Reached XP level 7. HP: 72/72 MP: 6/6
   409 | D        | Noticed Sonja
   418 | D        | Slain by Sonja

Skill      XL: |  1  2  3  4  5  6 |
---------------+-------------------+-----
Fighting       | 5 6 8 10 | 10.3
Axes           | 3 4 5 7 |  7.8
Armour         | 4 6 8 9 |  9.9
Shields        | 5 7 9 10 | 10.6
Dodging        | 1 2 |  2.9

Action                   |  1- 3 |  4- 6 |  7- 9 || total
-------------------------+-------+-------+-------++-------
Melee: War axe           |    18 |    19 |     3 ||    40
       Headbutt          |     4 |     6 |       ||    10
  Use: Potion            |     1 |       |     1 ||     2
Armor: Scale mail        |     2 |     4 |     5 ||    11
Dodge: Dodged            |     4 |     7 |     7 ||    18
Block: Shield            |    11 |     4 |     6 ||    21
